 Dungeon Crawl Stone Soup version 0.28.0-53-g5a82cb258f (webtiles) character file.

Game seed: 2890357573851176983

5639 pkoi the Zephyrmancer (level 10, -7/77 HPs)
             Began as a Demigod Air Elementalist on May 26, 2022.
             Killed by the air
             ... invoked by Gastronok
              (30 damage)
             ... on level 8 of the Dungeon.
             The game lasted 00:20:01 (18278 turns).

pkoi the Zephyrmancer (Demigod Air Elementalist)   Turns: 18278, Time: 00:20:01

Health: -7/77      AC:  6    Str:  9    XL:     10   Next: 22%
Magic:  0/30       EV: 17    Int: 29    God:
Gold:   423        SH:  5    Dex: 14    Spells: 6/19 levels left

rFire   . . .      SeeInvis .   C - staff of air
rCold   . . .      Faith    .   (no shield)
rNeg    . . .      Spirit   .   B - +1 steam dragon scales
rPois   .          Reflect  +   (no helmet)
rElec   +          Harm     .   (no cloak)
rCorr   .          Rampage  .   (no gloves)
Will    +....                   (no boots)
Stlth   ++........              v - amulet of reflection
HPRegen 0.22/turn               e - +4 ring of evasion
MPRegen 0.22/turn               w - ring of magical power

@: no status effects
A: high MP 1, forlorn, divine attributes
a: no special abilities


You were on level 8 of the Dungeon.
You visited 1 branch of the dungeon, and saw 8 of its levels.
You also visited: Bailey.

You collected 423 gold pieces.

Inventory:

Hand Weapons
 c - a +0 vorpal dagger
 j - a +2 dagger of venom
 s - the +8 woodcutter's axe {vorpal}
   (You took it off a gnoll on level 5 of the Dungeon)

   It inflicts extra damage upon your enemies.
 u - a +0 whip of venom
 x - the +4 dagger of Bloodstone {protect, rElec rPois}
   (You found it on level 7 of the Dungeon)

   It grants its wielder temporary protection when it strikes (+7 to AC).
   rElec:     It insulates you from electricity.
   rPois:     It protects you from poison.
 y - a +2 halberd of draining
Armour
 a - the +3 ring mail of Oxtuis {Stlth+}
   (You found it on level 7 of the Dungeon)

   Stlth:     It makes you more stealthy.
 B - +1 steam dragon scales (worn)
Magical Staves
 C - a staff of air (weapon)
Jewellery
 e - a +4 ring of evasion (left hand)
 h - a ring of positive energy
 m - a ring of resist corrosion
 v - an amulet of reflection (around neck)
 w - a ring of magical power (right hand)
Wands
 i - a wand of charming (5)
 k - a wand of polymorph (7)
 A - a wand of mindburst (3)
Scrolls
 d - 2 scrolls of teleportation
 l - 2 scrolls of amnesia
 t - 2 scrolls of identify
 E - 2 scrolls of blinking
Potions
 b - 6 potions of heal wounds {unknown}
 f - a potion of brilliance
 g - 4 potions of attraction
 n - 3 potions of mutation {unknown}
 o - 3 potions of curing {unknown}
 p - a potion of lignification
 q - 2 potions of invisibility {unknown}
 r - a potion of ambrosia
 z - 3 potions of resistance


   Skills:
 - Level 3.2 Fighting
 + Level 4.3 Armour
 - Level 3.7 Dodging
 - Level 3.0 Stealth
 - Level 2.3 Unarmed Combat
 + Level 5.1 Spellcasting
 - Level 0.8 Conjurations
 + Level 4.3 Hexes
 + Level 4.3 Summonings
 - Level 8.8 Air Magic
 - Level 3.0 Evocations


You had 6 spell levels left.
You knew the following spells:

 Your Spells              Type           Power      Damage    Failure   Level
a - Shock                 Conj/Air       100%       1d9       1%          1
b - Static Discharge      Conj/Air       52%        N/A       1%          2
c - Summon Guardian Gole  Hex/Summ       32%        N/A       3%          3
d - Airstrike             Air            36%        N/A       1%          4
q - Swiftness             Air            73%        N/A       1%          3

Your spell library contained the following spells:

 Spells                   Type           Power      Damage    Failure   Level
 Summon Small Mammal      Summ           100%       N/A       1%          1
 Call Canine Familiar     Summ           32%        N/A       3%          3
 Foxfire                  Conj/Fire      36%        2x1d5     5%          1
 Beastly Appendage        Tmut           14%        N/A       6%          1
 Inner Flame              Hex/Fire       20%        N/A       8%          3
 Portal Projectile        Hex/Tloc       40%        N/A       8%          3
 Wereblood                Tmut           7%         N/A       10%         2
 Cause Fear               Hex            16%        N/A       11%         4
 Silence                  Hex/Air        31%        N/A       12%         5
 Conjure Flame            Conj/Fire      9%         6-21      16%         3
 Spider Form              Tmut/Pois      7%         N/A       19%         3
 Leda's Liquefaction      Hex/Erth       10%        N/A       26%         4
 Flame Wave               Conj/Fire      9%         2d5       45%         4
 Passage of Golubria      Tloc           7%         N/A       52%         4
 Summon Forest            Summ/Tloc      10%        N/A       56%         5
 Eringya's Noxious Bog    Tmut/Pois      3%         N/A       100%        6
 Dragon Form              Tmut           3%         N/A       100%        7
 Summon Hydra             Summ           16%        N/A       100%        7
 Lehudib's Crystal Spear  Conj/Erth      4%         10d3      100%        8
 Dragon's Call            Summ           16%        N/A       100%        9


Dungeon Overview and Level Annotations

Branches:
Dungeon (8/15)             Temple (0/1) D:7            Lair (0/6) D:8
 Bailey (visited)

Shops:
D:6 (

Annotations:
D:4 3 runed translucent doors, Holdthepickle's ghost, amateur OgBe
D:8 Gastronok


Innate Abilities, Weirdness & Mutations

You have an increased reservoir of magic. (+10% MP)
You shall have no god before yourself.
Your divine heritage dramatically boosts your attributes as you level up.


Message History

Press: ? - help, Dir - move target, f/p - Gastronok
Aim: Gastronok, wearing the +3 hat of Pondering {ponderous, Will+ MP+10 Int+5} (heavily wounded, empty space bonus: 6/8)
You feel a surge of power!
The air twists around and strikes Gastronok!
Gastronok is severely wounded.
Gastronok gurgles, "A snack!
A snack!"
Casting: Airstrike (dangerous; 1% risk of failure)
Confirm with . or Enter, or press ? or * to list all spells.
Aiming: Airstrike (dangerous; 1% risk of failure)
Press: ? - help, Dir - move target, f/p - Gastronok
Aim: Gastronok, wearing the +3 hat of Pondering {ponderous, Will+ MP+10 Int+5} (severely wounded, empty space bonus: 7/8)
You feel a surge of power!
The air twists around and strikes Gastronok!
Gastronok is almost dead.
Aiming: Shock (safe; 1% risk of failure)
Press: ? - help, Q - select action, (/) - cycle Shift-Dir - straight line, f/p - Gastronok
Aim: Gastronok, wearing the +3 hat of Pondering {ponderous, Will+ MP+10 Int+5} (almost dead, 100% to hit)
You feel a surge of power!
The zap hits Gastronok.
Gastronok is almost dead.
Aiming: Shock (safe; 1% risk of failure)
Press: ? - help, Q - select action, (/) - cycle Shift-Dir - straight line, f/p - Gastronok
Aim: Gastronok, wearing the +3 hat of Pondering {ponderous, Will+ MP+10 Int+5} (almost dead, 100% to hit)
You feel a surge of power!
The zap hits Gastronok.
Gastronok is almost dead.
Gastronok waves his eye-stalks in wide circles.
The air twists around and strikes you!!
* * * LOW HITPOINT WARNING * * *
Aiming: Shock (safe; 1% risk of failure)
Press: ? - help, Q - select action, (/) - cycle Shift-Dir - straight line, f/p - Gastronok
Aim: Gastronok, wearing the +3 hat of Pondering {ponderous, Will+ MP+10 Int+5} (almost dead, 100% to hit)
You feel a surge of power!
The zap hits Gastronok.
Gastronok is almost dead.
Aiming: Shock (safe; 1% risk of failure)
Press: ? - help, Q - select action, (/) - cycle Shift-Dir - straight line, f/p - Gastronok
Aim: Gastronok, wearing the +3 hat of Pondering {ponderous, Will+ MP+10 Int+5} (almost dead, 100% to hit)
You feel a surge of power!
The zap hits Gastronok!
Gastronok is almost dead.
Gastronok waves his eye-stalks in wide circles.
The air twists around and strikes you!!
You die...

#.......###.##....) #######
#.......# #.#.#...# #.....#
#.......# #.##....#
#.....####.?.....###.##....#
#..........w...............#
#...........##'#.######.....
###.......(.####....# #.#...
#.........####.######.#...
#........@............#...
#...?..................###
#..........#.######.##.# #
#..........#.# ##.##.# #
#..........#.#####..##.# #
#..........#.##........# #
#..........#.#####.###.# #
##########...# #.# #.# #
#####.#######.###.###


You could see Gastronok.

Vanquished Creatures
  An elephant (D:7)
  A polar bear (D:8)
  2 basilisks (D:8)
  2 yaks (D:8)
  A wyvern (D:8)
  2 steam dragons (D:7)
  Eustachio (D:6)
  2 water moccasins
  2 orc warriors
  2 sky beasts
  3 black bears
  An ogre (D:3)
  A necrophage (D:5)
  2 centaurs (D:8)
  A phantom (D:5)
  A kobold brigand (D:6)
  2 bullfrogs
  A gnoll sergeant (D:5)
  3 scorpions
  A wyvern zombie (D:8)
  A water moccasin zombie (D:5)
  A water moccasin skeleton (D:7)
  2 electric eels (D:8)
  14 wights
  3 howler monkeys (D:7)
  3 jellies
  A centaur zombie (D:8)
  2 bullfrog skeletons (D:5)
  A centaur skeleton (D:7)
  An orc priest (D:8)
  4 hounds
  Ijyb (D:3)
  2 gnoll shamans
  2 iguanas
  5 orc wizards
  A killer bee zombie (D:8)
  3 centaur simulacra (D:8)
  A killer bee simulacrum (D:8)
  A howler monkey zombie (D:8)
  7 adders
  26 gnolls
  2 howler monkey skeletons (D:5)
  2 shadow imps
  2 white imps (D:8)
  An ufetubus (D:8)
  3 dart slugs
  22 orcs
  9 endoplasms
  4 giant cockroaches
  12 goblins
  4 hobgoblins
  3 jackals (D:1)
  4 quokkas
  6 ball pythons
  4 bats
  A frilled lizard (D:3)
  A jackal skeleton (D:4)
  8 kobolds
  7 rats
209 creatures vanquished.

Vanquished Creatures (collateral kills)
  2 gnolls (Bailey)
2 creatures vanquished.

Vanquished Creatures (others)
  A polar bear (D:8)
  A fungus (D:8)
2 creatures vanquished.

Grand Total: 213 creatures vanquished

Notes
Turn   | Place    | Note
-------+----------+-------------------------------------------
     0 | D:1      | pkoi the Demigod Air Elementalist began the quest for the
                  | Orb.
     0 | D:1      | Reached XP level 1. HP: 14/14 MP: 5/5
   667 | D:1      | Reached skill level 3 in Air Magic
   848 | D:1      | Reached XP level 2. HP: 20/20 MP: 5/7
  1465 | D:1      | Learned a level 2 spell: Static Discharge
  1966 | D:2      | Reached XP level 3. HP: 16/26 MP: 0/8
  2193 | D:2      | Reached skill level 4 in Air Magic
  3075 | D:2      | Reached XP level 4. HP: 28/33 MP: 1/9
  3640 | D:3      | Noticed an ogre
  3645 | D:3      | Killed an ogre
  3646 | D:3      | Reached skill level 5 in Air Magic
  3646 | D:3      | Reached XP level 5. HP: 38/38 MP: 4/10
  3771 | D:3      | Noticed Ijyb
  3777 | D:3      | Killed Ijyb
  4196 | D:3      | Learned a level 3 spell: Swiftness
  4576 | D:3      | Reached skill level 6 in Air Magic
  5317 | D:4      | Reached XP level 6. HP: 45/45 MP: 8/11
  6124 | D:4      | Found a runed translucent gate.
  6125 | D:4      | Found a runed translucent gate.
  6126 | D:4      | Found a runed translucent gate.
  6126 | D:4      | Noticed Holdthepickle's ghost (amateur OgBe)
  6132 | D:4      | Noticed a two-headed ogre
  6528 | D:5      | Entered Level 5 of the Dungeon
  6744 | D:5      | Reached skill level 7 in Air Magic
  7129 | D:5      | Reached XP level 7. HP: 41/50 MP: 4/14
  7207 | D:5      | Learned a level 4 spell: Airstrike
  7739 | D:5      | Reached skill level 1 in Fighting
  7739 | D:5      | Reached skill level 1 in Evocations
  8523 | D:5      | Reached XP level 8. HP: 60/60 MP: 10/15
  8693 | D:5      | Reached skill level 8 in Air Magic
  9750 | D:5      | Reached skill level 1 in Unarmed Combat
 11485 | D:6      | Noticed Eustachio
 11489 | D:6      | Killed Eustachio
 11780 | D:6      | Found Geludgh's Antique Weapon Boutique.
 12462 | D:7      | Identified the +4 dagger of Bloodstone {protect, rElec
                  | rPois}
 12483 | D:7      | Found a flagged portal.
 12503 | Bailey   | Entered a bailey
 12699 | Bailey   | Learned a level 3 spell: Summon Guardian Golem
 13406 | Bailey   | Noticed an orc knight
 13437 | Bailey   | Reached XP level 9. HP: 4/68 MP: 15/16
 13951 | D:7      | Found a staircase to the Ecumenical Temple.
 13958 | D:7      | Reached skill level 1 in Armour
 13958 | D:7      | Reached skill level 1 in Hexes
 13958 | D:7      | Reached skill level 1 in Summonings
 14275 | D:7      | Identified the +3 ring mail of Oxtuis {Stlth+}
 15538 | D:8      | Found a staircase to the Lair.
 15538 | D:8      | Noticed an elephant
 15595 | D:7      | Killed an elephant
 16217 | D:8      | Reached XP level 10. HP: 77/77 MP: 9/20
 16985 | D:8      | Reached skill level 5 in Spellcasting
 17281 | D:8      | Noticed Gastronok
 18278 | D:8      | Killed from afar by Gastronok

Illustrated notes

Levels and vault maps discovered:
D:1:      minmay_arrival_shattered_statue, layout_rooms,
          hellmonk_ecumenical_altar_slurped_away
D:2:      layout_basic, minmay_tetromino_l2
D:3:      layout_basic, minivault_23, uniq_ijyb
D:4:      layout_basic, nicolae_dithmenos_through_a_glass_darkly,
          gammafunk_ghost_split
D:5:      layout_basic, pf_guarded_unrand_woodcutter
D:6:      layout_basic, amcnicky_altar_gilded,
          mainiacjoe_overflow_catch_the_wave, serial_shops, shop, uniq_eustachio
D:7:      cheibrodos_steamvent, layout_basic,
          grunt_temple_overflow_gold_and_silver, minmay_temple_entry_crystal_x,
          enter_bailey_3
D:8:      layout_basic, david_lair_generic, serial_ice, serial_ice_h,
          serial_ice_g, serial_ice_c, serial_ice_m, serial_ice_n, serial_ice_e,
          serial_ice_l, serial_ice_o, kennysheep_small_square, uniq_gastronok

Skill      XL: |  1  2  3  4  5  6  7  8  9 10 |
---------------+-------------------------------+-----
Air Magic      | 3 4 5 6 7 8 |  8.8
Spellcasting   | 3 4 5 |  5.1
Dodging        | 2 3 |  3.7
Stealth        | 2 3 |  3.0
Fighting       | 1 3 |  3.2
Evocations     | 1 3 |  3.0
Unarmed Combat | 2 |  2.3
Armour         | 3 4 |  4.3
Hexes          | 3 4 |  4.3
Summonings     | 3 4 |  4.3
Conjurations   | |  0.8

Action                   |  1- 3 |  4- 6 |  7- 9 | 10-12 || total
-------------------------+-------+-------+-------+-------++-------
Melee: Unarmed           |    19 |       |       |       ||    19
       Dagger            |     7 |    19 |    21 |       ||    47
       War axe           |       |       |     6 |       ||     6
       Staff             |       |       |     5 |       ||     5
 Cast: Shock             |    78 |   115 |    88 |     6 ||   287
       Static Discharge  |     8 |    15 |    24 |     2 ||    49
       Airstrike         |       |       |   118 |    60 ||   178
       Summon Guardian G |       |       |     1 |     1 ||     2
Evoke: Wand              |       |       |     3 |       ||     3
  Use: Scroll            |     3 |     6 |     4 |     2 ||    15
 Stab: Sleeping          |       |       |     1 |       ||     1
Armor: Robe              |    18 |     7 |     1 |       ||    26
       Steam dragon scal |       |       |     9 |     2 ||    11
Dodge: Dodged            |    51 |    29 |    62 |     4 ||   146
Block: Other             |       |       |    15 |     4 ||    19
       Reflection        |       |       |     1 |     1 ||     2
